Map: Inside and Out

Players

csfalcon

  • Race: Terran Terran
  • Spawn Location: 1:00

Lambo - Winner!

  • Race: Zerg Zerg
  • Spawn Location: 7:00

Event: DreamHack SC2 Masters 2022 Atlanta (Offline)

VOD

Have the link to the VOD?

Description

Time

  • Played on: Nov. 18, 2022, 9:35 a.m.
  • Length: 10:35

All games in this series

Show
View Real Time Build Order
Export as new Build Order

csfalcon Terran 

Build Orders: Reaper Expand 

Get SALT Encoding   

  12  0:00  SCV  
  13  0:12  SCV  
  14  0:17  Supply Depot  
  14  0:24  SCV  
  15  0:38  SCV  
  15  0:41  Barracks  
  16  0:44  Refinery  
  16  0:50  SCV  
  17  1:03  SCV  
  18  1:15  SCV  
  19  1:28  Reaper, Orbital Command  
  20  1:44  Command Center  
  20  1:53  SCV  
  21  1:55  Refinery  
  21  2:02  Marine  
  21  2:05  Supply Depot  
  22  2:15  SCV  
  22  2:16  Factory  
  22  2:21  Barracks Reactor  
  23  2:27  SCV  
  24  2:36  Barracks  
  24  2:40  SCV  
  25  2:52  SCV  
  25  2:56  Orbital Command  
  25  2:58  Marine x2  
  28  3:07  Starport  
  28  3:08  Factory Reactor  
  28  3:10  SCV  
  29  3:18  Marine x2  
  31  3:22  SCV x2  
  31  3:25  Barracks Tech Lab  
  33  3:34  SCV  
  33  3:36  Marine x2  
  36  3:45  Supply Depot  
  36  3:47  Marine  
  36  3:48  Stimpack  
  36  3:49  Factory Tech Lab  
  36  3:51  Medivac  
  36  3:54  SCV, Marine x2  
  41  3:57  SCV  
  41  4:00  Medivac  
  44  4:05  Marine  
  45  4:11  SCV x2  
  45  4:12  Marine x2  
  49  4:22  Siege Tank, Marine  
  53  4:27  SCV  
  53  4:30  Supply Depot  
  54  4:39  Supply Depot  
  54  4:51  SCV, Marine x3  
  58  4:56  Siege Tank  
  58  4:58  SCV  
  55  5:03  SCV  
  56  5:09  Marine  
  56  5:10  SCV  
  56  5:11  Command Center  
  56  5:12  Refinery  
  56  5:13  Refinery, Marine x2  
  58  5:15  SCV  
  58  5:20  Barracks  
  58  5:21  Barracks  
  59  5:27  SCV, Marine  
  59  5:28  SCV  
  62  5:29  Barracks  
  62  5:35  Marine  
  62  5:36  Marine  
  62  5:37  Siege Tank  
  67  5:44  SCV x2, Marine  
  69  5:53  Marine  
  70  6:03  Supply Depot  
  70  6:08  Marine  
  70  6:09  SCV  
  70  6:11  Barracks Reactor  
  70  6:18  Barracks Reactor  
  70  6:22  Liberator x2, Marine  
  70  6:23  SCV x2, Siege Tank, Orbital Command  
  82  6:26  Supply Depot, Marine x2  
  82  6:27  Barracks Reactor  
  82  6:29  Combat Shield  
  84  6:40  Marine  
  84  6:43  Marine  
  84  6:44  Marine  
  84  6:46  SCV x2  
  89  6:47  Supply Depot  
  89  6:48  Marine  
  89  6:49  Marine  
  89  6:50  Supply Depot  
  89  6:52  Orbital Command  
  91  6:55  Siege Tank, Marine  
  91  6:56  Marine  
  91  6:58  SCV x2, Marine  
  99  7:02  Marine x2  
  101  7:09  Medivac, Marine x4  
  101  7:13  Marine x2  
  109  7:16  Supply Depot  
  109  7:18  Marine  
  109  7:19  SCV x2  
  109  7:20  Marine  
  109  7:21  SCV  
  114  7:26  Marine x2  
  116  7:33  Supply Depot  
  116  7:35  Marine  
  117  7:38  Siege Tank  
  117  7:40  Supply Depot  
  117  7:43  SCV  
  117  7:44  SCV, Marine  
  122  7:45  Marine x2  
  125  7:54  Marine x4  
  129  8:00  Marine  
  129  8:01  Marine  
  129  8:02  Marine  
  129  8:03  Medivac x2, Marine  
  129  8:04  Marine  
  134  8:07  Supply Depot  
  134  8:08  Supply Depot, Refinery  
  134  8:09  Engineering Bay  
  134  8:10  Engineering Bay  
  134  8:12  Marine x2  
  136  8:16  Marine  
  136  8:17  Marine  
  136  8:18  Marine  
  136  8:19  Marine  
  140  8:20  Marine  
  140  8:23  Siege Tank, Marine x2  
  137  8:30  Marine x2  
  139  8:34  Marine x2  
  139  8:38  Marine  
  139  8:39  Marine x2  
  144  8:41  Marine  
  144  8:42  Marine  
  144  8:43  Medivac x2  
  150  8:56  Siege Tank  
  150  9:01  Marine  
  150  9:02  Marine x5  
  154  9:08  Marine x3  
  155  9:14  SCV x2  
  149  9:19  Marine  
  149  9:20  Marine x3  
  119  9:32  Marine  
  119  9:34  Marine  
  119  9:37  SCV x2  
  100  9:47  Marine x2  
  100  9:48  Marine x4  
  100  9:50  Marine  
  100  9:52  Marine  
  99  10:05  Marine x6  
Show
View Real Time Build Order
Export as new Build Order

Lambo Zerg - Winner!

Build Orders: Pool First 

Get SALT Encoding   

  12  0:00  Drone  
  13  0:12  Overlord  
  13  0:17  Drone  
  14  0:30  Drone x2  
  14  0:34  Drone  
  17  0:42  Spawning Pool  
  17  0:47  Drone  
  17  1:06  Hatchery  
  17  1:09  Drone  
  17  1:13  Drone  
  17  1:15  Extractor  
  17  1:19  Drone  
  18  1:29  Queen  
  18  1:30  Zergling x2  
  21  1:40  Overlord  
  21  1:49  Drone  
  22  2:03  Drone  
  22  2:05  Queen  
  25  2:12  Drone  
  26  2:17  Hatchery  
  26  2:19  Drone  
  26  2:22  Drone  
  27  2:28  Metabolic Boost  
  27  2:31  Drone  
  27  2:34  Drone  
  29  2:40  Drone x2  
  31  2:44  Drone  
  31  2:46  Overlord  
  31  2:50  Drone  
  34  2:51  Drone  
  34  2:57  Queen  
  36  3:05  Drone x2  
  38  3:11  Queen  
  40  3:13  Drone x2  
  40  3:17  Drone x2  
  44  3:21  Overlord  
  44  3:29  Queen  
  46  3:41  Drone x3  
  46  3:45  Queen  
  46  3:47  Overlord  
  51  3:50  Queen  
  51  3:52  Drone x4  
  57  3:58  Zergling x2  
  57  4:02  Overlord  
  58  4:07  Queen  
  58  4:09  Overlord  
  60  4:10  Zergling x2  
  60  4:11  Zergling x6  
  60  4:15  Overlord  
  64  4:17  Overlord  
  64  4:19  Drone x2  
  66  4:26  Overlord  
  66  4:27  Queen  
  66  4:29  Drone x3  
  71  4:33  Drone x2  
  71  4:35  Queen  
  75  4:40  Zergling x8  
  75  4:42  Zergling x2  
  80  4:46  Zergling x2  
  80  4:47  Overlord  
  80  4:50  Zergling x4  
  82  4:56  Drone  
  82  4:57  Drone  
  84  5:00  Drone x5, Extractor  
  84  5:01  Drone x2  
  90  5:09  Zergling x2  
  91  5:14  Lair  
  91  5:16  Queen  
  91  5:18  Overlord, Extractor  
  91  5:19  Drone x3  
  91  5:20  Extractor  
  94  5:23  Zergling x2  
  94  5:24  Zergling x4  
  94  5:27  Hatchery  
  95  5:29  Overlord  
  95  5:30  Overlord  
  95  5:37  Zergling x6, Baneling Nest  
  97  5:44  Zergling x8  
  101  5:50  Drone x4  
  101  5:52  Zergling x6, Evolution Chamber  
  101  5:54  Evolution Chamber  
  101  5:55  Drone  
  107  6:00  Drone  
  108  6:06  Drone  
  108  6:09  Zergling x2  
  110  6:16  Hatchery  
  109  6:20  Zergling x2  
  109  6:21  Zergling x16  
  109  6:24  Zerg Ground Armor Level 1, Centrifugal Hooks, Zerg Melee Weapons Level 1  
  118  6:26  Drone x2  
  118  6:29  Overlord  
  118  6:30  Overlord  
  118  6:31  Overlord  
  120  6:34  Overlord  
  120  6:42  Overlord  
  120  6:43  Baneling x10  
  120  6:45  Zergling x2  
  120  6:46  Zergling x6  
  124  6:55  Zergling x6  
  124  6:56  Hatchery  
  124  6:58  Drone x2  
  127  7:04  Drone x3  
  129  7:08  Zergling x2  
  129  7:09  Zergling x8  
  129  7:13  Drone x5  
  139  7:17  Overlord  
  139  7:18  Drone x3  
  139  7:21  Drone  
  139  7:22  Infestation Pit  
  140  7:28  Drone x4  
  140  7:29  Drone  
  146  7:30  Drone x2  
  146  7:31  Drone x2  
  146  7:36  Queen  
  149  7:39  Zergling x10  
  149  7:41  Baneling  
  156  7:45  Drone x3  
  156  7:47  Zergling x10  
  156  7:50  Drone x2  
  165  7:56  Drone x2  
  167  8:01  Drone x3  
  167  8:04  Hydralisk Den, Drone x3  
  167  8:05  Drone x2, Extractor  
  165  8:06  Extractor  
  165  8:08  Drone x3  
  165  8:09  Extractor  
  165  8:15  Hive  
  161  8:29  Zergling x18  
  168  8:35  Zergling x30  
  168  8:37  Baneling x9  
  168  8:39  Muscular Augments  
  183  8:50  Zergling x2  
  183  8:51  Zergling x8  
  183  8:52  Overlord  
  183  8:55  Hatchery  
  187  8:56  Overlord  
  184  9:04  Zergling x18  
  184  9:06  Baneling x11  
  186  9:10  Zergling x10  
  186  9:14  Zergling x18  
  186  9:15  Zergling x10  
  192  9:19  Zergling x4  
  192  9:20  Baneling x6  
  188  9:25  Baneling x4  
  188  9:26  Zergling x22  
  196  9:33  Zergling x2  
  192  9:42  Zergling x16  
  181  9:48  Viper x2  
  181  9:51  Zergling x8  
  186  9:57  Zergling x14  
  185  10:02  Zergling x12  
  185  10:04  Baneling x10  
  189  10:10  Zergling x4  
  197  10:16  Baneling x6  
  197  10:18  Zergling x4  
Tags
 
Add a new tag
Caveats
  • Supply blocks, unpowered buildings, or Contaminate may cause inaccurate times.
  • Supply counts are checked every 10 seconds.